 Dungeon Crawl Stone Soup version 0.22-a0-422-g9628fc8 (webtiles) character file.

76 dstrtnsr the Chopper (level 4, -2/41 HPs)
             Began as a Hill Orc Berserker on May 16, 2018.
             Was a Believer of Trog.
             Killed by nerve-wracking pain
             ... invoked by Grinder
              (4 damage)
             ... on level 3 of the Dungeon.
             The game lasted 00:01:43 (1624 turns).

dstrtnsr the Chopper (Hill Orc Berserker)           Turns: 1624, Time: 00:01:44

Health: -2/41      AC:  3    Str: 17 (20) XL:     4   Next: 32%
Magic:  4/4        EV:  9    Int:  4 (7)  God:    Trog [**....]
Gold:   77         SH:  6    Dex:  8 (10) Spells: 3/3 levels left

rFire    . . .     SeeInvis .   a - +0 hand axe
rCold    . . .     Gourm    .   d - -1 shield (curse)
rNeg     . . .     Faith    .   b - +0 animal skin
rPois    .         Spirit   .   f - +0 helmet
rElec    .         Reflect  .   (no cloak)
rCorr    .         Harm     .   (no gloves)
MR       .....                  (no boots)
Stlth    +.........             (no amulet)
HPRegen  0.13/turn              (no ring)
MPRegen  0.09/turn              (no ring)

@: berserk cooldown
A: no striking features
a: Berserk, Trog's Hand, Renounce Religion


You were on level 3 of the Dungeon.
You worshipped Trog.
Trog was pleased with you.
You were not hungry.

You visited 1 branch of the dungeon, and saw 3 of its levels.

You collected 77 gold pieces.

Inventory:

Hand Weapons
 a - a +0 hand axe (weapon)
Armour
 b - a +0 animal skin (worn)
 d - a cursed -1 shield (worn)
 f - a +0 helmet (worn)
Scrolls
 g - a scroll of enchant armour {unknown}
 h - a scroll of teleportation {unknown}
 j - a scroll of immolation {unknown}
 l - a scroll of noise {unknown}
Potions
 c - a potion of brilliance
 i - a potion of heal wounds {unknown}
 k - a potion of flight
 o - a potion of invisibility {unknown}
Comestibles
 e - 7 rations {!d}
 m - 7 chunks of flesh


   Skills:
 + Level 4.3 Fighting
 * Level 5.6 Axes
 - Level 2.1 Armour
 - Level 1.5 Dodging
 + Level 1.6 Shields


You had 3 spell levels left.
You didn't know any spells.
Your spell library was empty.

Dungeon Overview and Level Annotations

Branches:
Dungeon (3/15)

Altars:
Qazlal

Annotations:
D:3 Grinder


Message History

You are no longer berserk.
You are exhausted.
You feel yourself slow down.
You start resting.
HP restored.
You butcher the rat corpse.
m - 5 chunks of flesh (gained 1)
You butcher the bat corpse.
m - 6 chunks of flesh (gained 1)
You butcher the rat corpse.
m - 7 chunks of flesh (gained 1)
Things that are here:
a bat skeleton; a rat skeleton
Things that are here:
a bat skeleton; a rat skeleton A ball python comes into view.
Found a dagger and a ring mail.
You see here a worm corpse.
A ball python is nearby!
A ball python is nearby!
A ball python is nearby!
Grinder comes into view.
Grinder shouts!
You hear a bark!
There are monsters nearby!
A jackal comes into view.
Grinder gestures at you.
You barely resist.
The ball python hisses angrily.
You slash Grinder!
Grinder is lightly wounded.
Grinder barely misses you. Grinder gestures at you.
You suddenly lose the ability to move!
Grinder hits you.
You writhe in agony.
The ball python bites you. The ball python grabs you.
The ball python constricts you. Grinder hits you!
You writhe in agony.
You can move again.
Unknown command.
Okay, then.
Your skin crawls.
You feel resistant to hostile enchantments.
You feel somewhat more hungry.
The ball python bites you but does no damage.
The ball python constricts you.
Grinder blinks!
The ball python bites you. The ball python constricts you.
You hit the jackal.
The jackal is moderately wounded.
You barely miss the ball python. You block the jackal's attack.
The ball python bites you but does no damage.
The ball python constricts you.
Grinder blinks!
The jackal bites you but does no damage.
The ball python bites you. The ball python constricts you.
Your shield prevents you from hitting the ball python.
You hit the jackal.
You kill the jackal!
Trog accepts your kill.
The ball python bites you but does no damage.
The ball python constricts you.
Grinder blinks!
The ball python bites you. The ball python constricts you.
Grinder blinks!
It was a potion of degeneration.
There was something very wrong with that liquid.
You feel weakened.
You feel dopey.
You feel clumsy. The ball python bites you. The ball python constricts you.
You block the ball python's attack. The ball python constricts you.
You are too injured to fight recklessly!
You are too injured to fight recklessly!
You are too injured to fight recklessly!
You are too injured to fight recklessly!
You hit the ball python.
You kill the ball python!
Trog accepts your kill.
You feel the effects of Trog's Hand fading.
You are too injured to fight recklessly!
Grinder gestures at you. You resist with almost no effort.
You see here a ball python corpse.
Your skin stops crawling.
You feel less resistant to hostile enchantments.
You block Grinder's attack.
You hit Grinder but do no damage.
Grinder is lightly wounded.
You feel yourself speed up. Grinder hits you.
You writhe in agony.
* * * LOW HITPOINT WARNING * * *
A worm comes into view.
Grinder blinks!
Grinder blinks!
Grinder gestures at you. Pain shoots through your body!
* * * LOW HITPOINT WARNING * * *
Found 14 gold pieces.
You closely miss Grinder.
Grinder is lightly wounded.
You block Grinder's attack. You block Grinder's attack.
You hit Grinder.
Grinder is lightly wounded.
Grinder gestures at you. Pain shoots through your body!
You die...

#..........#
#........$.#
#.....?....#
#..........# ##
#?.......# ..
##........## .##
#..........# #
..###....@5...[# .
#.##.....w.....# #.###
#.##.÷.........##
....###.#...........).#
#...#......†.........
#...#####......#...
##.## ##.†####... ##..#
##.# .. #####...# #.#


You could see Grinder and a worm.

Vanquished Creatures
  3 adders
  An ooze (D:2)
  2 worms
  2 dart slugs (D:2)
  4 leopard geckos
  An orc (D:3)
  3 giant cockroaches
  2 goblins
  2 hobgoblins
  A jackal (D:3)
  A ball python (D:3)
  4 bats
  A frilled lizard (D:2)
  2 kobolds (D:1)
  5 rats
34 creatures vanquished.

Notes
Turn   | Place    | Note
-------+----------+-------------------------------------------
     0 | D:1      | dstrtnsr the Hill Orc Berserker began the quest for the Orb.
     0 | D:1      | Reached XP level 1. HP: 19/19 MP: 1/1
   536 | D:1      | Reached XP level 2. HP: 27/27 MP: 2/2
   998 | D:2      | Found a stormy altar of Qazlal.
  1003 | D:2      | Reached XP level 3. HP: 32/33 MP: 3/3
  1026 | D:2      | Reached skill level 1 in Shields
  1128 | D:2      | Reached skill level 5 in Axes
  1524 | D:3      | Reached ** piety under Trog
  1524 | D:3      | Reached XP level 4. HP: 40/40 MP: 4/4
  1603 | D:3      | Noticed Grinder
  1606 | D:3      | Paralysed by Grinder for 3 turns
  1608 | D:3      | HP: 15/41 [Grinder (3)]
  1617 | D:3      | HP: 12/41 [Grinder (6)]
  1619 | D:3      | HP: 2/41 [Grinder/nerve-wracking pain (11)]
  1624 | D:3      | Killed from afar by Grinder

Vault maps used:
D:1:      lightli_arrival_flooded_house, lemuel_flame_loot_1
D:2:      lemuel_crystal_altar, chequers_ecumenical_altar_simple
D:3:      cheibrodos_sewer_entry_drain, uniq_grinder

Skill      XL: |  1  2  3 |
---------------+----------+-----
Fighting       | 4 |  4.3
Shields        | 1 |  1.6
Axes           | 5 |  5.6
Armour         | |  2.1
Dodging        | |  1.5

Action                   |  1- 3 |  4- 6 || total
-------------------------+-------+-------++-------
Melee: Hand axe          |    68 |    17 ||    85
Invok: Berserk           |     4 |     1 ||     5
       Trog's Hand       |       |     1 ||     1
  Use: Scroll            |     3 |       ||     3
       Potion            |       |     1 ||     1
 Stab: Sleeping          |       |     1 ||     1
  Eat: Chunk             |     5 |     2 ||     7
Armor: Animal skin       |    15 |     6 ||    21
Dodge: Dodged            |    22 |     6 ||    28
Block: Shield            |    18 |     6 ||    24

Table legend:
 A = Spawn XP
 B = Non-spawn XP
 C = Spawn XP percentage of total XP
 D = Spawn monster count
 E = Non-spawn monster count
 F = Spawn count percentage of total count
 G = Total turns spent on level
                    A         B        C        D         E        F      G
               +---------+---------+-------+---------+---------+-------+---------
         Total |       0 |     109 |   0.0 |       0 |      34 |   0.0 |  1624
               +---------+---------+-------+---------+---------+-------+---------
           D:1 |       0 |      15 |   0.0 |       0 |       7 |   0.0 |   839
           D:2 |       0 |      45 |   0.0 |       0 |      13 |   0.0 |   662
           D:3 |       0 |      49 |   0.0 |       0 |      14 |   0.0 |   123
               +---------+---------+-------+---------+---------+-------+---------
